 Dungeon Sprint DCSS version 0.30.1-9-gdf580d7c3d (webtiles) character file.

Game seed: 14268841337485360175

35 Heoruswealwe the Poker (level 3, 0/36 HPs)
             Began as a Minotaur Fighter on Sept 28, 2023.
             Slain by an ice beast (14 damage)
             ... in the Dungeon (Sprint IX: "|||||||||||||||||||||||||||||").
             The game lasted 00:00:56 (48 turns).

Heoruswealwe the Poker (Minotaur Fighter)             Turns: 48, Time: 00:00:57

Health: 0/36       AC:  7    Str: 22    XL:     3   Next: 16%
Magic:  2/2        EV:  9    Int:  5    God:
Gold:   0          SH:  4    Dex:  9    Spells: 2/2 levels left

rFire   . . .        a - +0 trident
rCold   . . .        d - +0 buckler
rNeg    . . .        c - +0 scale mail
rPois   .            (helmet restricted)
rElec   .            (no cloak)
rCorr   .            (no gloves)
SInv    .            (no boots)
Will    .....        (no amulet) Stlth
                     (no ring)
HPRegen 0.26/turn    (no ring)
MPRegen 0.08/turn

%: no teleportation
@: no status effects
A: horns 2, retaliatory headbutt
a: no special abilities


You were in the Dungeon.
You visited 1 branch

Inventory:

Hand Weapons
 a - a +0 trident (weapon)
Armour
 c - a +0 scale mail (worn)
 d - a +0 buckler (worn)
Scrolls
 j - a scroll of blinking
Potions
 b - a potion of might
 e - a potion of curing
 f - a potion of heal wounds
 g - a potion of haste
 i - a potion of berserk rage


   Skills:
 + Level 5.2 Fighting
 * Level 5.8 Polearms
 + Level 5.2 Armour
 - Level 3.6 Shields


You had 2 spell levels left.
You didn't know any spells.
Your spell library was empty.

Dungeon Overview and Level Annotations

Branches:
Dungeon (1/1)

Altars:


Innate Abilities, Weirdness & Mutations

You have a pair of horns on your head.
You reflexively headbutt those who attack you in melee.


Message History

You hit the quokka. Your headbutt misses the quokka.
The quokka is moderately wounded.
The quokka bites you but does no damage.
You miss the quokka. Your headbutt misses the quokka.
The quokka is moderately wounded.
The quokka misses you. The quokka bites you.
You closely miss the quokka. Your headbutt misses the quokka.
The quokka bites you but does no damage.
You barely miss the quokka. Your headbutt misses the quokka.
You block the quokka's attack.
You closely miss the quokka.
You headbutt the quokka, but do no damage.
The quokka barely misses you. You furiously retaliate!
You headbutt the quokka. You barely miss the quokka.
The quokka is lightly wounded.
The quokka bites you. x2
You closely miss the quokka. Your headbutt misses the quokka.
The quokka is lightly wounded.
The quokka bites you.
You closely miss the quokka.
The quokka is lightly wounded.
The quokka bites you but does no damage.
You hit the quokka.
You kill the quokka!
You closely miss the ice beast. The ice beast barely misses you.
You furiously retaliate!
You headbutt the ice beast, but do no damage.
The ice beast hits you but does no damage.
You hit the ice beast but do no damage. Your headbutt misses the ice beast.
The ice beast hits you but does no damage.
You hit the ice beast.
The ice beast is lightly wounded.
The ice beast hits you. The ice beast freezes you.
You hit the ice beast but do no damage.
The ice beast is lightly wounded.
You block the ice beast's attack.
You closely miss the ice beast.
The ice beast is lightly wounded.
The ice beast hits you. The ice beast freezes you!
You die... ▓▓▓▓▓▓▓▓▓▓▓▓▓▓▓▓▓▓ +...S5Y@....†.!.<▓ ▓▓▓▓▓▓▓▓▓▓▓▓▓▓▓▓▓▓

You could see an ice beast, an adder and a white imp.

Vanquished Creatures
  A sleepcap (D)
  An endoplasm (D)
  2 giant cockroaches (D)
  A hobgoblin (D)
  A quokka (D)
  A frilled lizard (D)
7 creatures vanquished.

Notes
Turn   | Place    | Note
-------+----------+-------------------------------------------
     0 | D        | Heoruswealwe the Minotaur Fighter began the quest for the
                  | Orb.
     0 | D        | Reached XP level 1. HP: 19/19 MP: 0/0
    25 | D        | Noticed an ice beast
    25 | D        | Noticed a sleepcap
    30 | D        | Killed a sleepcap
    31 | D        | Reached skill level 5 in Fighting
    31 | D        | Reached skill level 5 in Polearms
    31 | D        | Reached skill level 5 in Armour
    31 | D        | Reached XP level 2. HP: 28/29 MP: 1/1
    31 | D        | Reached XP level 3. HP: 35/36 MP: 2/2
    48 | D        | Slain by an ice beast

Illustrated notes

Levels and vault maps discovered:
D:        linesprint [early_d, line_temple, items_1, d_10, items_2, lair_1,
          lair_end, items_3, orc_1, orc_end, items_4, d_15, swamp_1, shoals_1,
          snake_1, spider_1, d_20, vaults_1, items_5, swamp_end, shoals_end,
          snake_end, spider_end, vaults_end, d_27, items_6, zot_1, zot_end,
          crypt_end, forest_end, elf_end, slime_end, tomb_end, abyss_end,
          pan_hell_end]

Skill      XL: |  1 |
---------------+----+-----
Polearms       | 5 |  5.8
Fighting       | 5 |  5.2
Armour         | 5 |  5.2
Shields        | |  3.6

Action                     || total
---------------------------++-------
  Melee: Trident           ||    31
         Headbutt          ||     3
 Armour: Scale mail        ||     8
  Dodge: Dodged            ||     8
  Block: Buckler           ||     5
